 Dungeon Crawl Stone Soup version 0.20-a0-1089-g3fde505 (webtiles) character file.

60 lauthentik the Sneak (level 3, -1/24 HPs)
             Began as a Vampire Enchanter on May 3, 2017.
             Killed from afar by an orc wizard (12 damage)
             ... with a magic dart
             ... on level 3 of the Dungeon.
             The game lasted 00:04:00 (1362 turns).

lauthentik the Sneak (Vampire Enchanter)            Turns: 1362, Time: 00:04:01

Health: -1/24      AC:  2    Str:  7    XL:     3   Next: 80%
Magic:  1/6        EV: 13    Int: 18    God:
Gold:   148        SH:  0    Dex: 14    Spells: 3/6 levels left

rFire    . . .     SeeInvis +   a - +1 dagger
rCold    + . .     Gourm    .   (no shield)
rNeg     + + .     Faith    .   b - +0 robe
rPois    +         Spirit   .   (no helmet)
rElec    .         Reflect  .   (no cloak)
rCorr    .         Harm     .   (no gloves)
MR       .....                  (no boots)
Stlth    ++++......             (no amulet)
Regen    0.1/turn               (no ring)
MPRegen  0.1/turn               (no ring)

@: regenerating slowly
A: fangs 3, see invisible, unbreathing
a: Bat Form


You were on level 3 of the Dungeon.
You were very thirsty.

You visited 1 branch of the dungeon, and saw 3 of its levels.

You collected 148 gold pieces.

Inventory:

Hand Weapons
 a - a +1 dagger (weapon)
Missiles
 j - 6 javelins (quivered)
Armour
 b - a +0 robe (worn)
Jewellery
 k - a +3 ring of strength {unknown}
Scrolls
 e - 2 scrolls of amnesia {unknown}
 f - a scroll of remove curse {unknown}
 h - a scroll of identify {unknown}
Potions
 d - 13 potions of blood
 g - a potion of cancellation {unknown}
 i - 2 potions of heal wounds {unknown}
 l - a potion of lignification {unknown}
Books
 c - a book of Maledictions

   Spells                             Type                      Level
   a - Corona                         Hexes                        1
   b - Ensorcelled Hibernation        Hexes/Ice                    2
   c - Confuse                        Hexes                        3
   d - Tukima's Dance                 Hexes                        3
   e - Dazzling Spray                 Conjuration/Hexes            3


   Skills:
 + Level 0.1 Fighting
 + Level 1.8 Short Blades
 + Level 0.1 Throwing
 + Level 2.4 Dodging
 + Level 5.4 Stealth
 + Level 2.1 Spellcasting
 + Level 5.2 Hexes
 + Level 0.6 Ice Magic


You had 3 spell levels left.
You knew the following spells:

 Your Spells              Type           Power        Failure   Level  Hunger
a - Ensorcelled Hibernat  Hex/Ice        ##....       9%          2    ###....
b - Corona                Hex            ###....      1%          1    #......


Dungeon Overview and Level Annotations

Branches:
Dungeon (3/15)

Altars:


Innate Abilities, Weirdness & Mutations

You heal slowly.
You have razor-sharp teeth.
You have supernaturally acute eyesight. (SInv)
You can survive without breathing.


Message History

The orc wizard barely misses you.
The orc wizard hits you with an enchanted dagger.
You barely miss the orc wizard.
The orc wizard is heavily wounded.
The orc wizard gestures at you while chanting.
The puff of flame misses you.
You barely miss the orc wizard.
The orc wizard is heavily wounded.
The orc wizard barely misses you.
You miss the orc wizard.
You bite the orc wizard, but do no damage.
The orc wizard is heavily wounded.
The orc wizard closely misses you.
The orc wizard hits you but does no damage.
You hit the orc wizard.
The orc wizard is heavily wounded.
The orc wizard casts a spell at you. The magic dart hits you!
Ouch! That really hurt!
You die...

# ..! .(.g# #####
....o.#### #...
...lo.)..#####.####
....#.##o#.......[# .
.' #.#.###.#[##.#
...#.##.#@###......#.
.........o.>..........#
#####.###..#####.######
# #<#........<#
#...#####...# #####
...# ..###


You could see an orc wizard.

Vanquished Creatures
  An adder (D:3)
  An ooze (D:2)
  A dart slug (D:1)
  A leopard gecko (D:2)
  3 orcs (D:3)
  A ball python (D:1)
  5 bats
  2 giant cockroaches
  2 goblins
  A hobgoblin (D:2)
  8 jackals (D:2)
  3 kobolds
  A frilled lizard (D:2)
  5 rats (D:1)
35 creatures vanquished.

Notes
Turn   | Place    | Note
-------+----------+-------------------------------------------
     0 | D:1      | lauthentik the Vampire Enchanter began the quest for the Orb.
     0 | D:1      | Reached XP level 1. HP: 13/13 MP: 3/3
   172 | D:1      | Reached XP level 2. HP: 18/19 MP: 5/5
   195 | D:1      | Reached skill level 5 in Stealth
   199 | D:1      | Learned a level 2 spell: Ensorcelled Hibernation
   838 | D:2      | Reached skill level 5 in Hexes
   853 | D:2      | Reached XP level 3. HP: 24/24 MP: 3/6
  1362 | D:3      | Killed from afar by an orc wizard

Vault maps used:
D:1:      mrwooster_arrival_statue_2, minmay_misc_feat_more_columns,
          dk_noncrumbling_3
D:3:      nemelex_xobeh_ov_fountains_minmay, ashenzari_altar_1

Skill      XL: |  1  2 |
---------------+-------+-----
Stealth        | 5 |  5.4
Hexes          | 5 |  5.2
Fighting       | |  0.1
Short Blades   | |  1.8
Throwing       | |  0.1
Dodging        | |  2.4
Spellcasting   | |  2.1
Ice Magic      | |  0.6

Action                   || total
-------------------------++-------
Melee: Dagger            ||   130
       Bite              ||    12
Throw: Javelin           ||     5
 Cast: Corona            ||     6
       Ensorcelled Hiber ||    18
 Stab: Sleeping          ||    20
Armor: Robe              ||    25
Dodge: Dodged            ||   100
